Description

Antagonize enemy economy whilst scouting out strategies

Replay - Good Zergling vs Reaper

Build Order

Get SALT Encoding   

  12  0:01  SCV  
  13  0:13  SCV  
  14  0:17  Supply Depot  block off entrance partly
  14  0:25  SCV  
  15  0:30  Refinery  
  15  0:39  SCV  
  16  0:46  Barracks  build in entrance to base, blocks off entry way
  16  0:54  SCV  
  17  1:04  Refinery  
  17  1:06  SCV  
  18  1:17  Barracks  near the first barracks
  18  1:21  SCV  
  19  1:33  SCV, Supply Depot  finish blocking off entrance
  20  1:45  SCV  
  21  1:47  Barracks Reactor  lift off and land if necessary (this should be done to first build barracks)
  21  1:56  Barracks  
  21  2:04  Barracks Reactor  2nd barracks
  21  2:13  Supply Depot x2  
  21  2:19  SCV  
  22  2:23  Reaper x2  
  24  2:42  Reaper x2  
  27  2:44  Barracks Reactor  
  27  2:57  Engineering Bay  
  27  2:58  Reaper x2  
  29  3:15  Reaper x2  
  31  3:26  Supply Depot  
  26  4:22  Reaper x2  
Spawning Tool Build Advisor. Get it on Overwolf

Analysis

This is only a quick opener, and is a small commit to Biologic units. This is meant to be a quickstart build only. My oponent used this build against me (and lost) but I thought it was a good strategy.

Go to:

Details

  • Created by: triplejay2013
  • Published on: Jul 02, 2019
  • Modified on: Jul 02, 2019
  • Patch: 4.7.1
Show
View Real Time Build Order
Export as new Build Order

Comments (0)

There are no comments. Be the first!

Create an account to comment!